 Dungeon Crawl Stone Soup version 0.24-a0-217-g1152973720 (webtiles) character file.

Game seed: 1549801573101308602

1 MirrMurr the Sneak (level 1, 0/9 HPs)
             Began as a Spriggan Enchanter on Mar 30, 2019.
             Killed from afar by a dart slug (7 damage)
             ... with a slug dart
             ... on level 1 of the Dungeon.
             The game lasted 00:00:49 (149 turns).

MirrMurr the Sneak (Spriggan Enchanter)              Turns: 149, Time: 00:00:50

Health: 0/9        AC:  2    Str:  4    XL:     1   Next: 16%
Magic:  4/5        EV: 18    Int: 16    God:
Gold:   0          SH:  0    Dex: 16    Spells: 4/5 levels left

rFire    . . .     SeeInvis +   a - +1 dagger
rCold    . . .     Gourm    .   (shield restricted)
rNeg     . . .     Faith    .   b - +0 robe
rPois    .         Spirit   .   (helmet restricted)
rElec    .         Reflect  .   (no cloak)
rCorr    .         Harm     .   (gloves unavailable)
MR       .....                  (boots unavailable)
Stlth    +++.......             (no amulet)
HPRegen  0.03/turn              (no ring)
MPRegen  0.09/turn              (no ring)

@: very quick
A: very small, unfitting armour, see invisible, herbivore, speed 3, slow
metabolism 2
a: no special abilities


You were on level 1 of the Dungeon.
You were not hungry.

You visited 1 branch of the dungeon, and saw 1 of its levels.

Inventory:

Hand Weapons
 a - a +1 dagger (weapon)
Missiles
 d - 20 sling bullets
Armour
 b - a +0 robe (worn)
Scrolls
 e - a scroll of identify {unknown}
Potions
 f - a potion of curing {unknown}
Comestibles
 c - a ration


   Skills:
 + Level 1.2 Short Blades
 - Level 3.0 Dodging
 + Level 4.5 Stealth
 - Level 2.6 Spellcasting
 - Level 3.6 Hexes


You had 4 spell levels left.
You knew the following spells:

 Your Spells              Type           Power        Failure   Level  Hunger
C - Corona                Hex            ##.....      4%          1    #......

Your spell library contained the following spells:

 Spells                   Type           Power        Failure   Level  Hunger
 Confuse                  Hex            ##......     13%         3    ###....
 Tukima's Dance           Hex            ##......     13%         3    ###....
 Ensorcelled Hibernation  Hex/Ice        #.....       14%         2    ##.....
 Dazzling Spray           Conj/Hex       #.....       28%         3    ###....


Dungeon Overview and Level Annotations

Branches:
Dungeon (1/15)

Altars:


Innate Abilities, Weirdness & Mutations

You are very small and have problems with some larger weapons.
You are too small for most types of armour.
You have supernaturally acute eyesight. (SInv)
You are a herbivore.
You cover ground extremely quickly.
You need to consume almost no food.


Message History

You hit the dart slug but do no damage. You hit the dart slug.
The dart slug is lightly wounded.
The dart slug misses you.
You hit the dart slug.
The dart slug is moderately wounded.
The dart slug closely misses you.
Unknown command.
Casting: Corona (safe; 4% risk of failure)
Confirm with . or Enter, or press ? or * to list all spells.
Aiming: Corona (safe; 4% risk of failure)
Press: ? - help, Shift-Dir - straight line, f - dart slug
Aim: a dart slug (moderately wounded, clinging, chance to defeat MR: 67%)
The dart slug is outlined in light.
You hit the dart slug.
The dart slug is heavily wounded.
The dart slug launches a dart at you. The slug dart hits you!
Ouch! That really hurt!
You die...

## #..... ..
... #..8##
###.#
#.##.....
.....
..........
#.#.#
####.#####
#.#.# .#
#.....#
######.#.##..#
#...(.#
#...%........#
#.....#
#..w@..#
#......
######.###.#
#.#....
####........#
#.##...
#....##.###.#
#......
####.##.#
#.#...#
#####.##.# #.#
###...#
#.....#### #.#
#.... #.###.#
#.# #....
#.###.#
#.######....


You could see a dart slug.

Vanquished Creatures
  A giant cockroach (D:1)
1 creature vanquished.

Notes
Turn   | Place    | Note
-------+----------+-------------------------------------------
     0 | D:1      | MirrMurr the Spriggan Enchanter began the quest for the
                  | Orb.
     0 | D:1      | Reached XP level 1. HP: 9/9 MP: 5/5
   149 | D:1      | Killed from afar by a dart slug

Levels and vault maps discovered:
D:1:      psy_arrival_basics, layout_basic, st_stairs_2, minmay_pentomino_o2

Action                   || total
-------------------------++-------
Melee: Dagger            ||    19
 Cast: Corona            ||     1
Dodge: Dodged            ||    15

Table legend:
 A = Non-vault XP
 B = Vault XP
 C = Vault XP percentage of total XP
 D = Non-vault monster count
 E = Vault monster count
 F = Vault count percentage of total count
                 A         B        C        D         E       F
            +---------+---------+-------+---------+---------+-------
      Total |       0 |       2 | 100.0 |       0 |       1 | 100.0
            +---------+---------+-------+---------+---------+-------
        D:1 |       0 |       2 | 100.0 |       0 |       1 | 100.0
            +---------+---------+-------+---------+---------+-------
